 Dungeon Crawl Stone Soup version 0.19-a0-1886-gd64a0f0 (webtiles) character file.

2056 TittyThatCrushes the Cruncher (level 9, -5/51 HPs)
             Began as a Gargoyle Fighter on Oct 16, 2016.
             Was a Follower of Okawaru.
             Slain by an orc warrior
             ... wielding a +0 scimitar
              (11 damage)
             ... on level 7 of the Dungeon.
             The game lasted 00:22:53 (6771 turns).

TittyThatCrushes the Cruncher (Gargoyle Fighter)    Turns: 6771, Time: 00:22:53

Health: -5/51      AC: 16    Str: 24    XL:     9   Next: 25%
Magic:  9/9        EV: 11    Int: 10    God:    Okawaru [*.....]
Gold:   398        SH:  0    Dex: 15    Spells: 0 memorised, 8 levels left

rFire  + . .     SeeInvis .     A - +0 lajatang
rCold  . . .     Gourm    .     L - +4 leather armour "Ceidawk" {+Inv rElec rF+ Dex+3}
rNeg   + + .     Faith    .     (shield currently unavailable)
rPois  ∞         Spirit   .     t - +0 helmet
rElec  +         Dismiss  .     z - +0 cloak (curse)
rCorr  +         Reflect  .     D - +0 pair of gloves (curse)
MR     .....     Harm     .     (no boots)
Stlth  +.........               (no amulet)
                                w - ring of positive energy
                                I - ring of resist corrosion

@: mighty, slowed, very slow
A: negative energy resistance 1, electricity resistance, unbreathing,
petrification resistance, rot immunity, AC +5
a: Heroism, Renounce Religion, Evoke Invisibility


You were on level 7 of the Dungeon.
You worshipped Okawaru.
Okawaru was aware of your devotion.
You were not hungry.

You visited 2 branches of the dungeon, and saw 8 of its levels.

You collected 398 gold pieces.

Inventory:

Hand Weapons
 a - a +2 flail
 x - a +0 blowgun
 A - a +0 lajatang (weapon)
Missiles
 j - 198 stones (quivered)
 y - 32 poisoned needles
Armour
 b - a +0 scale mail
 c - a +0 shield
 t - a +0 helmet (worn)
 z - a cursed +0 cloak (worn)
 D - a cursed +0 pair of gloves (worn)
 L - the +4 leather armour "Ceidawk" (worn) {+Inv rElec rF+ Dex+3}
   (You found it on level 6 of the Dungeon)

   It affects your dexterity (+3).
   It protects you from fire.
   It insulates you from electricity.
   It lets you turn invisible.
Jewellery
 r - an uncursed ring of see invisible
 w - a ring of positive energy (right hand)
 I - a ring of resist corrosion (left hand)
Wands
 l - a wand of acid (3/15)
 p - a wand of polymorph (10/24)
 C - a wand of disintegration (10/24)
 K - a wand of iceblast (8/15)
Scrolls
 e - a scroll of remove curse {unknown}
 g - a scroll of identify
 h - a scroll of immolation
 m - a scroll of magic mapping
 n - a scroll of recharging {unknown}
 o - a scroll of fog
 s - 2 scrolls of teleportation {unknown}
 u - 2 scrolls of noise {unknown}
Potions
 i - 2 potions of curing
 v - 2 potions of lignification
 B - a potion of flight
 E - a potion of brilliance
 J - a potion of resistance {unknown}
Books
 k - a book of Frost

   Spells                             Type                      Level
   a - Freeze                         Ice                          1
   b - Throw Frost                    Conjuration/Ice              2
   c - Ozocubu's Armour               Charms/Ice                   3
   d - Throw Icicle                   Conjuration/Ice              4
   e - Summon Ice Beast               Ice/Summoning                4
 q - a book of Conjurations

   Spells                             Type                      Level
   a - Magic Dart                     Conjuration                  1
   b - Searing Ray                    Conjuration                  2
   c - Dazzling Spray                 Conjuration/Hexes            3
   d - Fulminant Prism                Conjuration/Hexes            4
   e - Iskenderun's Mystic Blast      Conjuration                  4
   f - Iskenderun's Battlesphere      Conjuration/Charms           5
 G - a book of Necromancy

   Spells                             Type                      Level
   a - Pain                           Necromancy                   1
   b - Animate Skeleton               Necromancy                   1
   c - Vampiric Draining              Necromancy                   3
   d - Regeneration                   Charms/Necromancy            3
   e - Animate Dead                   Necromancy                   4
   f - Control Undead                 Necromancy                   4
Comestibles
 f - 4 bread rations
 F - a meat ration
 H - 3 chunks of flesh
 M - a slice of pizza


   Skills:
 - Level 3.2 Fighting
 - Level 7.7(9.7) Maces & Flails
 + Level 9.2(10.3) Staves
 - Level 3.2 Armour
 - Level 3.2 Shields


You had 8 spell levels left.
You didn't know any spells.

Dungeon Overview and Level Annotations

Branches:
Dungeon (7/15)             Temple (1/1) D:5

Altars:
Ashenzari
Cheibriados
Dithmenos
Elyvilon
Fedhas
Gozag
Hepliaklqana
Kikubaaqudgha
Makhleb
Nemelex Xobeh
Okawaru
Qazlal
Ru
Sif Muna
Trog
Uskayaw
Vehumet
Xom
Yredelemnul
Zin
The Shining One

Annotations:
D:5 exclusion: 2 doors


Innate Abilities, Weirdness & Mutations

You are resistant to torment.
Your stone body is resilient. (AC +5)
You are immune to poison.
You resist negative energy. (rN+)
You are resistant to electric shocks. (rElec)
You can survive without breathing.
You are immune to petrification.
You are immune to rotting.


Message History

You feel better.
The orc wizard mumbles some strange words.
The orc wizard blinks!
The orc warrior hits you with a scimitar!
* * * LOW HITPOINT WARNING * * *
You feel better. The orc wizard closely misses you.
You feel very mighty all of a sudden.
The orc warrior hits you but does no damage.
The orc wizard casts a spell at you.
You feel yourself slow down.
You barely miss the orc wizard.
The orc wizard is severely wounded.
The orc wizard barely misses you.
The orc warrior hits you with a scimitar!
* * * LOW HITPOINT WARNING * * *
The orc wizard hits you but does no damage.
You barely miss the orc wizard.
The orc wizard is severely wounded.
The orc warrior hits you with a scimitar!
You die...

#. #.# #... #.#..
#....####.#o #.....$....
#.....#...##
#.....#....###########.#
+.....#......)o@o).....#
#..........#############
...#...........
#....########
##..........#
#...##...(.#
##..##.....# #.>.).....#
#....###.##


You could see an orc warrior and an orc wizard.

Vanquished Creatures
  The ghost of Spurious the Cleaver, a novice MiBe of Trog (D:6)
  A wolf (D:5)
  3 centaurs
  3 ogres
  2 bullfrogs (D:6)
  A gnoll sergeant (D:5)
  A scorpion (D:4)
  A bullfrog zombie (D:6)
  3 crimson imps
  3 hounds
  A centaur skeleton (D:6)
  2 orc priests (D:6)
  A jelly (D:3)
  6 orc wizards
  3 iguanas
  4 worker ants
  4 hound zombies
  A worker ant zombie (D:4)
  3 gnolls (D:5)
  7 adders
  An ooze (D:3)
  An adder skeleton (D:4)
  An adder zombie (D:6)
  A worm (D:3)
  7 leopard geckos
  17 orcs
  4 bats
  4 giant cockroaches
  5 hobgoblins
  5 jackals
  6 kobolds
  A quokka (D:2)
  A ball python (D:1)
  4 frilled lizards
  5 goblins
  A leopard gecko zombie (D:6)
  6 rats
121 creatures vanquished.

Notes
Turn   | Place    | Note
-------+----------+-------------------------------------------
     0 | D:1      | TittyThatCrushes the Gargoyle Fighter began the quest for the Orb.
     0 | D:1      | Reached XP level 1. HP: 14/14 MP: 1/1
   232 | D:1      | Reached XP level 2. HP: 19/19 MP: 2/2
  1068 | D:2      | Reached XP level 3. HP: 23/23 MP: 3/3
  1804 | D:3      | Reached XP level 4. HP: 11/28 MP: 4/4
  2732 | D:4      | Reached skill level 5 in Maces & Flails
  2732 | D:4      | Reached XP level 5. HP: 32/32 MP: 5/5
  2881 | D:4      | Noticed an ogre
  2893 | D:4      | Killed an ogre
  2893 | D:4      | Reached XP level 6. HP: 37/37 MP: 6/6
  3412 | D:4      | Reached XP level 7. HP: 37/41 MP: 7/7
  3529 | D:5      | Entered Level 5 of the Dungeon
  3897 | D:5      | Reached skill level 1 in Staves
  3945 | D:5      | Reached skill level 2 in Staves
  4049 | D:5      | Noticed Eustachio
  4051 | D:5      | Noticed Eustachio
  4051 | D:5      | Eustachio changed into Eustachio the wolf
  4069 | D:5      | Killed Eustachio the wolf
  4069 | D:5      | Reached skill level 3 in Staves
  4240 | D:5      | Found a staircase to the Ecumenical Temple.
  4343 | Temple   | Entered the Ecumenical Temple
  4664 | Temple   | Became a worshipper of Warmaster Okawaru
  4702 | D:5      | Reached skill level 4 in Staves
  4851 | D:5      | Reached XP level 8. HP: 11/46 MP: 8/8
  5285 | D:6      | Reached skill level 5 in Staves
  5549 | D:6      | Noticed Spurious's ghost (novice MiBe)
  5574 | D:6      | Reached * piety under Okawaru
  5574 | D:6      | Reached skill level 6 in Staves
  5587 | D:6      | Killed Spurious's ghost
  5587 | D:6      | Reached skill level 7 in Staves
  5826 | D:6      | Reached skill level 8 in Staves
  5826 | D:6      | Reached XP level 9. HP: 39/51 MP: 9/9
  6210 | D:6      | Reached skill level 9 in Staves
  6400 | D:6      | Got a shimmering leather armour
  6401 | D:6      | Identified the +4 leather armour "Ceidawk" {+Inv rElec rF+ Dex+3} (You found it on level 6 of the Dungeon)
  6771 | D:7      | Slain by an orc warrior

Vault maps used:
D:1:      dpeg_arrival_erosion, minmay_misc_feat_pillars
D:3:      minmay_wonky_spiral, first_bread, grunt_ministairs_12,
          dk_noncrumbling_4
D:4:      moated_statue, item_on_display_b
D:5:      cheibrodos_two_vegetables, minmay_misc_feat_more_columns,
          uniq_eustachio
D:6:      minmay_opposing_rooms
Temple:   roderic_octagonal_lattice_temple

Skill      XL: |  1  2  3  4  5  6  7  8  9 |
---------------+----------------------------+-----
Maces & Flails | 3 4 5 6 7 |  7.7
Staves         | 4 8 9 |  9.2
Fighting       | |  3.2
Armour         | |  3.2
Shields        | |  3.2

Action                   |  1- 3 |  4- 6 |  7- 9 || total
-------------------------+-------+-------+-------++-------
Melee: Flail             |   105 |   108 |    39 ||   252
       Lajatang          |       |       |   240 ||   240
Throw: Stone             |     4 |       |     1 ||     5
Invok: Heroism           |       |       |     1 ||     1
Evoke: Wand              |       |     5 |     2 ||     7
  Use: Scroll            |       |     9 |     6 ||    15
       Potion            |       |       |     6 ||     6
 Stab: Sleeping          |       |       |     1 ||     1
  Eat: Chunk             |     3 |     2 |     9 ||    14
       Royal jelly       |       |     1 |       ||     1
       Beef jerky        |       |     1 |       ||     1
       Pizza             |       |       |     1 ||     1
Armor: Scale mail        |    28 |    40 |   143 ||   211
       Leather armour    |       |       |    11 ||    11
Dodge: Dodged            |    28 |    19 |    89 ||   136
Block: Shield            |    47 |    58 |    18 ||   123
